AoeStats
← Dru Peacock the Flacid

Arena

503892558Analyzed
4v4 RM · 1mo ago on Sep 2, 2026· 48m 42s· 8 players
Game mode
Random Map
Map size
Large (8 player)
Population
200
Speed
Normal
Resources
Standard
Victory
Conquest
Starting age
Dark Age
Ending age
Imperial Age
RankedLock teamsTeams togetherTeam positionsShared explorationLock speedFull tech treeHidden civsTurbo modeCheats
Victory
Defeat
🇬🇧 Britons · United Kingdom
841
+14
🇩🇪 Celts · Germany
833
+15
🇳🇴 Byzantines · Norway
830
+15
🇹🇷 Turks · Türkiye
825
+15
🇩🇪 Slavs · Germany
820
-15
🇳🇱 Franks · Netherlands
811
-15
🇩🇪 Bohemians · Germany
794
-14
🇪🇸 Portuguese · Spain
789
-14
xxnz6821
11:16 Feudal Age
12:37 Wheelbarrow
11:50 Double-Bit Axe
12:18 Horse Collar
16:35 Gold Mining
21:05 Castle Age
20:08 Man-at-Arms
21:06 Fletching
21:19 Scale Mail Armor
21:40 Forging
22:20 Bow Saw
22:13 Heavy Plow
22:07 Stone Mining
23:03 Scale Barding Armor
23:45 Gold Shaft Mining
23:21 Squires
22:48 Long Swordsman
25:24 Hand Cart
26:08 Padded Archer Armor
27:08 Chain Barding Armor
28:06 Fortified Wall
31:30 Iron Casting
33:51 Caravan
33:52 Crossbowman
36:16 Pikeman
38:07 Ballistics
38:16 Husbandry
38:27 Bloodlines
42:17 Imperial Age
39:26 Elite Skirmisher
42:51 Leather Archer Armor
42:34 Bodkin Arrow
42:28 Elite Boyar
43:33 Conscription
43:53 Plate Barding Armor
43:52 Ring Archer Armor
44:26 Chemistry
46:28 Blast Furnace
46:07 Plate Barding Armor
ivanklaricnejla
0:39 Loom
10:48 Feudal Age
11:32 Double-Bit Axe
11:31 Horse Collar
18:18 Castle Age
19:50 Bow Saw
23:27 Chemistry
30:40 Imperial Age
29:00 Heavy Plow
31:29 Fletching
31:49 Forging
38:55 Iron Casting
38:16 Bodkin Arrow
38:21 Scale Mail Armor
38:27 Scale Barding Armor
40:39 Elite Skirmisher
42:53 Conscription
41:54 Elite Hussite Wagon
42:05 Pikeman
42:45 Squires
43:25 Chain Mail Armor
Kai_sp
1:00 Loom
13:22 Feudal Age
18:05 Castle Age
17:07 Gold Mining
17:08 Stone Mining
17:14 Horse Collar
17:33 Double-Bit Axe
23:01 Murder Holes
23:36 Man-at-Arms
28:02 Pikeman
31:54 Heavy Plow
32:44 Husbandry
33:55 Bloodlines
36:52 Imperial Age
38:38 Chemistry
37:27 Long Swordsman
39:41 Elite Skirmisher
40:27 Thumb Ring
41:17 Bow Saw
41:44 Wheelbarrow
44:35 Arquebus
48:26 Two-Man Saw
47:44 Arquebus
Testudo
6:00 Loom
11:33 Feudal Age
18:46 Castle Age
19:31 Double-Bit Axe
21:31 Wheelbarrow
23:26 Bow Saw
24:31 Squires
24:42 Pikeman
25:30 Elite Skirmisher
26:43 Forging
31:54 Hand Cart
31:25 Town Watch
37:48 Scale Mail Armor
38:25 Iron Casting
40:04 Stone Mining
40:09 Gold Mining
42:35 Murder Holes
43:01 Ballistics
46:55 Imperial Age
44:26 Town Patrol
riskmanager19
3:50 Loom
10:53 Feudal Age
11:20 Double-Bit Axe
14:27 Horse Collar
19:34 Castle Age
18:19 Stone Mining
21:02 Bow Saw
20:57 Heavy Plow
21:45 Stone Shaft Mining
24:53 Forging
24:47 Elite Skirmisher
25:39 Squires
27:01 Wheelbarrow
27:44 Thumb Ring
27:46 Gold Mining
27:52 Fletching
28:18 Padded Archer Armor
28:46 Scale Mail Armor
29:04 Bodkin Arrow
30:46 Leather Archer Armor
31:07 Iron Casting
34:19 Imperial Age
33:45 Gold Shaft Mining
33:34 Chain Mail Armor
35:31 Hand Cart
35:50 Crop Rotation
36:25 Two-Man Saw
35:51 Conscription
36:47 Bracer
37:18 Ring Archer Armor
37:14 Ballistics
39:41 Treadmill Crane
45:25 Chemistry
45:18 Coinage
46:33 Banking
46:30 Bombard Tower
47:35 Logistica
47:42 Greek Fire
Dru Peacock the Flacid
12:03 Feudal Age
10:21 Loom
16:40 Castle Age
14:32 Double-Bit Axe
14:44 Horse Collar
15:56 Stone Mining
16:15 Gold Mining
18:28 Bow Saw
18:21 Heavy Plow
22:19 Wheelbarrow
21:48 Town Watch
22:32 Fletching
22:42 Padded Archer Armor
25:19 Gold Shaft Mining
25:03 Leather Archer Armor
26:46 Hand Cart
26:07 Crossbowman
27:11 Bodkin Arrow
27:42 Ballistics
27:32 Fortified Wall
28:00 Town Patrol
35:25 Imperial Age
33:29 Yeomen
34:38 Forging
34:29 Scale Mail Armor
35:28 Arbalester
36:33 Conscription
36:16 Warwolf
36:18 Bracer
36:49 Ring Archer Armor
37:24 Chemistry
36:30 Siege Engineers
36:35 Masonry
36:11 Arrowslits
36:40 Guard Tower
36:33 Elite Longbowman
38:43 Iron Casting
38:23 Chain Mail Armor
39:36 Gambesons
39:51 Squires
39:37 Arson
39:13 Man-at-Arms
40:36 Hoardings
41:26 Two-Man Saw
41:48 Caravan
41:45 Pikeman
44:30 Halberdier
48:28 Hoardings
hardrock
9:56 Feudal Age
11:47 Loom
12:18 Double-Bit Axe
12:15 Horse Collar
15:36 Gold Mining
19:06 Castle Age
17:49 Stone Mining
23:16 Bow Saw
23:09 Heavy Plow
31:18 Imperial Age
30:04 Bloodlines
30:03 Scale Barding Armor
32:42 Wheelbarrow
34:34 Hand Cart
34:52 Conscription
34:58 Chain Barding Armor
34:39 Scale Mail Armor
36:09 Sipahi
41:30 Bombard Tower
41:31 Ballistics
43:41 Two-Man Saw
43:21 Gold Shaft Mining
47:29 Forging
47:55 Plate Barding Armor
47:21 Padded Archer Armor
47:12 Fletching
WhiZzZkiD
1:55 Loom
10:03 Feudal Age
10:30 Double-Bit Axe
13:02 Horse Collar
18:41 Castle Age
17:01 Gold Mining
17:45 Stone Mining
19:22 Scale Mail Armor
19:32 Forging
20:13 Bow Saw
20:43 Heavy Plow
21:55 Pikeman
22:38 Town Watch
23:32 Wheelbarrow
25:01 Iron Casting
27:15 Hand Cart
27:20 Chain Mail Armor
29:28 Gold Shaft Mining
29:51 Fletching
39:12 Imperial Age
39:04 Stronghold
39:15 Halberdier
40:08 Furor Celtica
39:21 Capped Ram
41:09 Siege Ram
41:36 Heavy Scorpion
41:48 Cavalier
43:32 Conscription
43:58 Stone Shaft Mining
Connection lost

Rejoining the realm…

Still unreachable

The connection could not be restored.

Session expired

The server has moved on; the page needs a fresh start.